 Dungeon Crawl Stone Soup version 0.26.1-2-gb8aa6d0 (webtiles) character file.

Game seed: 10679515498210280661

165 Ayyar the Cudgeller (level 5, -11/45 HPs)
             Began as a Draconian Warper on June 4, 2021.
             Killed by nerve-wracking pain
             ... invoked by a shadow imp
             ... summoned by Natasha
              (14 damage)
             ... on level 3 of the Dungeon.
             The game lasted 00:15:16 (3467 turns).

Ayyar the Cudgeller (Draconian Warper)              Turns: 3467, Time: 00:15:17

Health: -11/45     AC:  7    Str: 13 (14) XL:     5   Next: 22%
Magic:  8/8        EV: 12    Int: 12 (14) God:
Gold:   158        SH:  0    Dex:  9 (10) Spells: 6/8 levels left

rFire    . . .     SeeInvis .   l - +0 whip
rCold    . . .     Faith    .   (no shield)
rNeg     . . .     Spirit   .   (armour unavailable)
rPois    .         Reflect  .   (helmet restricted)
rElec    .         Harm     .   (no cloak)
rCorr    +         Rampage  .   j - +0 pair of gloves
Will     .....                  t - +0 pair of boots
Stlth    +.........             (no amulet)
HPRegen  0.15/turn              b - ring of resist corrosion
MPRegen  0.11/turn              (no ring)

@: slowed, very slow
A: unfitting armour, cold-blooded, AC +5
a: no special abilities


You were on level 3 of the Dungeon.
You visited 1 branch of the dungeon, and saw 3 of its levels.

You collected 158 gold pieces.

Inventory:

Hand Weapons
 a - a +0 mace
 l - a +0 whip (weapon)
Missiles
 d - 3 boomerangs of dispersal (quivered)
Armour
 j - a +0 pair of gloves (worn)
 t - a +0 pair of boots (worn)
Jewellery
 b - a ring of resist corrosion (left hand)
Scrolls
 c - a scroll of blinking
 e - a scroll of amnesia {unknown}
 f - 4 scrolls of remove curse
 h - a scroll of enchant armour {unknown}
 i - a scroll of teleportation
 k - 2 scrolls of identify
 n - a scroll of magic mapping {unknown}
 o - a scroll of fog
 q - a scroll of enchant weapon {unknown}
 r - a scroll of fear {unknown}
Potions
 p - 2 potions of attraction


   Skills:
 - Level 3.0 Fighting
 * Level 3.7 Maces & Flails
 - Level 2.0 Throwing
 + Level 2.9 Dodging
 - Level 2.2 Spellcasting
 - Level 3.2 Translocations


You had 6 spell levels left.
You knew the following spells:

 Your Spells              Type           Power        Failure   Level
a - Blink                 Tloc           N/A          11%         2

Your spell library contained the following spells:

 Spells                   Type           Power        Failure   Level
 Gell's Gravitas          Tloc           4%           22%         3
 Lesser Beckoning         Tloc           4%           22%         3
 Teleport Other           Tloc           9%           22%         3
 Passage of Golubria      Tloc           N/A          56%         4


Dungeon Overview and Level Annotations

Branches:
Dungeon (3/15)

Altars:
Cheibriados
Qazlal

Annotations:
D:3 Natasha


Innate Abilities, Weirdness & Mutations

Your plain brown scales are hard. (AC +5)
You cannot fit into any form of body armour.
You are cold-blooded and may be slowed by cold attacks.


Message History

Natasha claws you but does no damage.
You closely miss Natasha.
Natasha is heavily wounded.
Natasha mumbles some strange words.
You hit Natasha.
Natasha is severely wounded.
Natasha stares at you and mumbles some strange words.
You resist with some effort. Natasha misses you.
You hit Natasha.
Your tail-slap misses Natasha.
Natasha is almost dead.
Natasha barely misses you. The shadow imp hits you.
* * * LOW HITPOINT WARNING * * *
You closely miss Natasha.
Natasha is almost dead.
Natasha closely misses you.
The shadow imp hits you but does no damage.
Natasha closely misses you. The shadow imp gestures at you.
Pain shoots through your body!
You die...

###########
#...h@....#
#.#.5.....#
#.###...#
... #.#.#
#.# #.#.#
... ..#.#
..# .....#
.. ##..###


You could see Natasha and a shadow imp (summoned).

Vanquished Creatures
  A jelly (D:2)
  Natasha (D:3)
  Robin (D:3)
  2 adders (D:2)
  3 worms
  A dart slug (D:1)
  A leopard gecko (D:3)
  2 orcs (D:3)
  7 bats
  3 giant cockroaches
  12 goblins
  8 hobgoblins
  10 jackals
  2 kobolds
  A ball python (D:1)
  5 frilled lizards
  4 rats
64 creatures vanquished.

Notes
Turn   | Place    | Note
-------+----------+-------------------------------------------
     0 | D:1      | Ayyar the Draconian Warper began the quest for the Orb.
     0 | D:1      | Reached XP level 1. HP: 17/17 MP: 3/3
    40 | D:1      | Reached skill level 1 in Throwing
   303 | D:1      | Reached XP level 2. HP: 22/25 MP: 5/5
   306 | D:1      | Learned a level 2 spell: Blink
  1027 | D:2      | Reached XP level 3. HP: 28/30 MP: 6/6
  1169 | D:2      | Found a stormy altar of Qazlal.
  1171 | D:2      | Noticed a water elemental
  1172 | D:2      | Noticed a fire elemental
  1172 | D:2      | Noticed an earth elemental
  1172 | D:2      | Noticed an air elemental
  1423 | D:2      | Reached XP level 4. HP: 22/37 MP: 7/7
  2415 | D:3      | Found a snail-covered altar of Cheibriados.
  2517 | D:3      | Noticed Natasha
  2538 | D:3      | Killed Natasha
  2730 | D:3      | Noticed Robin
  2741 | D:3      | Reached XP level 5. HP: 45/45 MP: 8/8
  2759 | D:3      | Killed Robin
  3449 | D:3      | Noticed Natasha
  3467 | D:3      | Killed from afar by a shadow imp

Illustrated notes

Levels and vault maps discovered:
D:1:      heliophobic_arrival_glass_houses, layout_loops_ring
D:2:      layout_basic, nicolae_qazlal_style_of_elements, serial_glass,
          glass_columns_a, glass_columns_c, glass_columns_c, glass_columns_c,
          glass_columns_a, glass_columns_b, glass_columns_a, glass_columns_c,
          glass_columns_b, glass_columns_a, minmay_hedge_maze
D:3:      layout_basic, kennysheep_slug_shrine, uniq_robin, uniq_natasha

Skill      XL: |  1  2  3  4  5 |
---------------+----------------+-----
Throwing       | 1 2 |  2.0
Maces & Flails | 3 |  3.7
Fighting       | 3 |  3.0
Dodging        | |  2.9
Spellcasting   | |  2.2
Translocations | |  3.2

Action                   |  1- 3 |  4- 6 || total
-------------------------+-------+-------++-------
Melee: Mace              |    50 |       ||    50
       Whip              |    89 |   204 ||   293
       Tailslap          |     6 |    27 ||    33
Throw: Boomerang         |       |     2 ||     2
  Use: Potion            |       |     4 ||     4
       Scroll            |       |     6 ||     6
Armor: Skin              |    53 |    53 ||   106
Dodge: Dodged            |   103 |   109 ||   212
